AoeStats
← GoldPhantom

Pilgrims

507953447Analyzed
2v2 RM · 13d ago on Sep 20, 2026· 63m 21s· 4 players
Game mode
Random Map
Map size
Medium (4 player)
Population
200
Speed
Normal
Resources
Standard
Victory
Conquest
Starting age
Dark Age
Ending age
Imperial Age
RankedLock teamsTeams togetherTeam positionsShared explorationLock speedFull tech treeHidden civsTurbo modeCheats
Victory
Defeat
🇩🇪 Sicilians · Germany
895
+13
🇪🇸 Italians · Spain
895
+13
🇭🇰 Lithuanians · Hong Kong SAR China
835
-13
🇨🇿 Cumans · Czechia
834
-13
dadiron
5:07 Loom
15:08 Feudal Age
22:41 Castle Age
21:43 Double-Bit Axe
22:46 Wheelbarrow
22:15 Town Watch
24:39 Scale Mail Armor
24:50 Forging
24:06 Pikeman
30:25 Chain Mail Armor
30:45 Iron Casting
30:56 Elite Skirmisher
32:50 Fletching
33:48 Bodkin Arrow
38:27 Gold Mining
38:27 Stone Mining
42:20 Padded Archer Armor
46:12 Leather Archer Armor
49:04 Bow Saw
57:47 Imperial Age
59:30 Hand Cart
59:47 Elite Serjeant
Saoro
3:05 Loom
11:53 Feudal Age
12:22 Fishing Lines
17:59 Castle Age
19:38 Double-Bit Axe
20:50 Medium Warships
20:42 Gillnets
22:03 Redemption
27:24 Imperial Age
27:27 Squires
26:47 Pikeman
27:42 Forging
27:32 Scale Mail Armor
27:24 Arson
27:37 Elite Skirmisher
27:47 Cavalier
27:58 Crossbowman
28:45 Thumb Ring
29:01 Bloodlines
28:51 Husbandry
28:12 Light Cavalry
29:18 Conscription
29:18 Arbalester
29:51 Fletching
31:11 Capped Ram
33:25 Chemistry
32:37 Bodkin Arrow
34:04 Hoardings
34:22 Heavy Warships
35:35 Bracer
35:36 Padded Archer Armor
36:12 Iron Casting
35:53 Chain Mail Armor
37:03 Onager
43:20 Leather Archer Armor
44:05 Blast Furnace
43:36 Plate Mail Armor
43:20 Bow Saw
43:33 Ballistics
44:25 Silk Road
45:20 Elite Genoese Crossbowman
49:44 Coinage
52:35 Ring Archer Armor
54:55 Hussar
56:13 Scale Barding Armor
57:44 Chain Barding Armor
60:38 Two-Man Saw
59:30 Stone Mining
59:30 Gold Mining
Drexik
9:00 Feudal Age
7:17 Loom
12:19 Fishing Lines
12:22 Fishing Lines
13:44 Double-Bit Axe
20:19 Fletching
20:29 Padded Archer Armor
26:01 Castle Age
25:53 Stone Mining
25:55 Gold Mining
27:29 Leather Archer Armor
27:09 Bodkin Arrow
28:24 Gold Shaft Mining
31:00 Murder Holes
34:01 Imperial Age
31:26 Town Watch
32:16 Wheelbarrow
33:14 Bow Saw
32:49 Capped Ram
32:54 Pikeman
33:34 Squires
33:38 Gillnets
33:38 Light Cavalry
34:37 Bloodlines
37:07 Ballistics
37:56 Hand Cart
40:55 Ring Archer Armor
40:31 Scale Barding Armor
40:36 Forging
40:49 Conscription
41:10 Parthian Tactics
43:08 Chemistry
41:59 Heated Shot
43:50 Masonry
43:06 Elite Skirmisher
44:24 Chain Barding Armor
44:39 Iron Casting
45:29 Town Patrol
49:49 Town Patrol
GoldPhantom
11:41 Feudal Age
9:58 Loom
12:13 Man-at-Arms
15:57 Double-Bit Axe
23:11 Castle Age
21:26 Stone Mining
21:17 Horse Collar
23:25 Wheelbarrow
23:54 Forging
24:03 Bloodlines
25:37 Town Watch
26:12 Scale Barding Armor
29:36 Gold Mining
30:20 Bow Saw
30:23 Husbandry
34:19 Iron Casting
39:28 Imperial Age
39:59 Hand Cart
40:07 Town Patrol
41:10 Elite Leitis
43:04 Chain Barding Armor
43:20 Conscription
44:21 Elite Skirmisher
48:22 Plate Barding Armor
47:39 Fletching
49:16 Heavy Plow
50:18 Two-Man Saw
49:55 Padded Archer Armor
50:16 Thumb Ring
50:11 Bodkin Arrow
50:47 Tower Shields
50:30 Onager
51:38 Bracer
53:39 Stone Shaft Mining
56:55 Hoardings
Connection lost

Rejoining the realm…

Still unreachable

The connection could not be restored.

Session expired

The server has moved on; the page needs a fresh start.